AoeStats
← josiahkane

Glade

510611511Analyzed
1v1 RM · 2d ago on Oct 1, 2026· 33m 44s· 2 players
Game mode
Random Map
Map size
Tiny (2 player)
Population
200
Speed
Normal
Resources
Standard
Victory
Conquest
Starting age
Dark Age
Ending age
Imperial Age
RankedLock teamsTeams togetherTeam positionsShared explorationLock speedFull tech treeHidden civsTurbo modeCheats
Victory
Defeat
🇬🇧 Burgundians · United Kingdom
860
+16
🇨🇴 Aztecs · Colombia
856
-16
jaqcka
1:36 Loom
10:57 Feudal Age
21:36 Castle Age
21:57 Pikeman
23:59 Forging
23:50 Scale Mail Armor
23:51 Crossbowman
28:06 Redemption
josiahkane
5:09 Double-Bit Axe
10:34 Feudal Age
10:36 Horse Collar
13:19 Loom
14:35 Scale Barding Armor
17:30 Castle Age
18:36 Forging
20:28 Cavalier
23:30 Iron Casting
25:04 Wheelbarrow
26:21 Heavy Plow
28:12 Burgundian Vineyards
28:06 Fletching
28:30 Husbandry
31:45 Murder Holes
32:11 Ballistics
32:02 Masonry
36:53 Imperial Age
Connection lost

Rejoining the realm…

Still unreachable

The connection could not be restored.

Session expired

The server has moved on; the page needs a fresh start.